 Dungeon Crawl Stone Soup version 0.17.0-24-gcfadda4 (console) character file.

95 Kloppie the Ruffian (level 4, 0/35 (36) HPs)
             Began as a Ghoul Skald on Nov 17, 2015.
             Was an Initiate of Makhleb.
             Slain by an orc (4 damage)
             ... on level 2 of the Dungeon.
             The game lasted 00:02:47 (2124 turns).

Kloppie the Ruffian (Ghoul Skald)                   Turns: 2124, Time: 00:02:47

HP:   0/35 (36)     AC:  3    Str: 15    XL:     4   Next: 65%
MP:   5/5           EV: 11    Int:  7    God:    Makhleb [......]
Gold: 125           SH:  0    Dex:  9    Spells: 1 memorised, 5 levels left

rFire  . . .     SeeInvis .       - Unarmed
rCold  + . .     Clarity  .     h - +0 leather armour
rNeg   + + +     SustAt   .     (no shield)
rPois  ∞         Gourm    .     (no helmet)
rElec  .         Spirit   .     (no cloak)
rCorr  .         Warding  .     (no gloves)
rMut   .         Stasis   .     (no boots)
MR     .....                    (no amulet)
Stlth  +.........               (no ring)
                                (no ring)

@: rotting, not resistant to hostile enchantments, very unstealthy
A: rotting body, claws 1, carnivore 3, cold resistance 1, negative energy
resistance 3, slow regeneration 1, torment resistance, unbreathing
a: Renounce Religion


You were on level 2 of the Dungeon.
You worshipped Makhleb.
Makhleb was noncommittal.
You were not hungry.

You visited 1 branch of the dungeon, and saw 2 of its levels.

You collected 125 gold pieces.

Inventory:

Missiles
 i - 9 poisoned needles
 k - 6 needles of confusion
Armour
 a - a +0 leather armour
 h - a +0 leather armour (worn)
 o - a +0 buckler
Jewellery
 n - an uncursed ring of positive energy {unknown}
Scrolls
 d - a scroll of immolation {unknown}
 e - 2 scrolls of enchant armour {unknown}
 f - a scroll of identify {unknown}
 l - a scroll of remove curse {unknown}
Potions
 g - 2 potions of curing {unknown}
 j - a potion of might {unknown}
Books
 b - a book of Battle

   Spells                             Type                      Level
   a - Infusion                       Charms                       1
   b - Shroud of Golubria             Charms/Translocation         2
   c - Song of Slaying                Charms                       2
   d - Spectral Weapon                Hexes/Charms                 3
   e - Regeneration                   Charms/Necromancy            3
Comestibles
 c - a meat ration


   Skills:
 - Level 2.1 Fighting
 - Level 0.8 Armour
 - Level 0.8 Dodging
 + Level 5.2 Unarmed Combat
 - Level 1.7 Spellcasting
 - Level 2.6 Charms


You had 5 spell levels left.
You knew the following spells:

 Your Spells              Type           Power        Failure   Level  Hunger
a - Infusion              Chrm           #.....       17%         1    ##.....


Dungeon Overview and Level Annotations

Branches:
Dungeon (2/15)

Altars:
Makhleb


Innate Abilities, Weirdness & Mutations

Your body is rotting away.
You thrive on raw meat.
You are immune to poison.
You have sharp fingernails.
You are carnivorous and can eat meat at any time.
Your flesh is cold resistant.
You are immune to negative energy.
You regenerate slowly when monsters are visible.
You are immune to unholy pain and torment.
You can survive without breathing.


Message History

The orc is heavily wounded.
You scratch the orc but do no damage.
The orc is heavily wounded.
The kobold hits you but does no damage.
The orc throws a stone.
The stone hits you.
* * * LOW HITPOINT WARNING * * *
The kobold throws a stone.
The stone barely misses you.
Things that are here:
7 stones; an orc corpse The orc hits you.
* * * LOW HITPOINT WARNING * * *
The kobold closely misses you.
Things that are here:
7 stones; a hobgoblin corpse You scratch the orc.
You kill the orc!
Makhleb accepts your kill. The orc misses you. The kobold closely misses you.
You barely miss the orc. The orc hits you.
You die... ##### # ########...########### g#o#o

#........#....(..o...#≈≈≈≈≈≈
#.######...#########('g.Ko..
######.# ##..# ###≈≈≈≈≈≈
.......# ####.K##### #.#.#
########
#....(@(((#############
#.##.o###..............
######.##..# ##########.####
#......##..############.####
#.#######.....)..(.((.......
#.# ##.######.##.##.####
#### #.# #.# #.#...#.####
...###.# ####.# #.#.#.#....#
....##.# #...<# #...#...##.#


You could see an orc and a kobold.

Vanquished Creatures
  A hound (D:2)
  2 adders (D:2)
  A gnoll (D:2)
  2 giant geckos (D:2)
  2 orcs (D:2)
  3 bats
  A giant cockroach (D:1)
  6 hobgoblins
  2 giant newts
  5 goblins
  5 kobolds
  6 rats
36 creatures vanquished.

Notes
Turn   | Place    | Note
--------------------------------------------------------------
     0 | D:1      | Kloppie the Ghoul Skald began the quest for the Orb.
     0 | D:1      | Reached XP level 1. HP: 17/17 MP: 2/2
   177 | D:1      | Reached XP level 2. HP: 18/24 MP: 3/3
   234 | D:1      | Reached skill level 3 in Unarmed Combat
   962 | D:2      | Reached XP level 3. HP: 2/29 MP: 4/4
  1325 | D:2      | Reached skill level 4 in Unarmed Combat
  1714 | D:2      | Reached XP level 4. HP: 21/36 MP: 5/5
  1719 | D:2      | Found a burning altar of Makhleb.
  1876 | D:2      | Reached skill level 5 in Unarmed Combat
  1963 | D:2      | Became a worshipper of Makhleb the Destroyer
  2124 | D:2      | Slain by an orc

Action                   |  1- 3 |  4- 6 || total
-------------------------+-------+-------++-------
Melee: Unarmed           |   113 |    18 ||   131
  Eat: Chunk             |     9 |     2 ||    11
